 Dungeon Crawl Stone Soup version 0.26-a0-682-g294304f6e8 (webtiles) character file.

Game seed: 16575226121530957719

2218 Rennog the Cleaver (level 9, -3/94 HPs)
             Began as a Demonspawn Berserker on Oct 20, 2020.
             Was a Priest of Trog.
             Incinerated by a smoke demon (4 damage)
             ... with a sticky flame
             ... on level 2 of the Abyss.
             The game lasted 00:17:48 (6947 turns).

Rennog the Cleaver (Demonspawn Berserker)           Turns: 6947, Time: 00:17:48

Health: -3/94      AC:  9    Str: 19    XL:     9   Next: 13%
Magic:  9/9        EV:  6    Int:  8    God:    Trog [***...]
Gold:   314        SH:  0    Dex: 17    Spells: 8/8 levels left

rFire    . . .     SeeInvis .   s - +0 war axe
rCold    . . .     Faith    .   (no shield)
rNeg     . . .     Spirit   .   g - -2 plate armour (curse)
rPois    .         Reflect  .   n - +0 helmet
rElec    .         Harm     .   i - scarf {shadows}
rCorr    +         Rampage  .   (no gloves)
MR       .....                  (no boots)
Stlth    ..........             (no amulet)
HPRegen  0.25/turn              k - ring of resist corrosion
MPRegen  0.11/turn              (no ring)

@: berserking (expiring), liquid flames, about to teleport, glowing, very quick
A: talons 2, thin skeletal structure 1, spiny 1
a: Berserk, Trog's Hand, Renounce Religion


You were on level 2 of the Abyss.
You worshipped Trog.
Trog was most pleased with you.
You visited 1 branch of the dungeon, and saw 7 of its levels.
You visited the Abyss 1 time.

You collected 314 gold pieces.

Inventory:

Hand Weapons
 a - a +0 hand axe
 s - a +0 war axe (weapon)
Missiles
 l - 83 stones (quivered)
Armour
 b - a +0 animal skin
 g - a cursed -2 plate armour (worn)
 i - a scarf of shadows (worn)
 n - a +0 helmet (worn)
 B - the +7 plate armour of Wonder {rN+, unknown}
   (You found it on level 2 of the Abyss)

   It protects you from negative energy.
Jewellery
 k - a ring of resist corrosion (left hand)
Wands
 v - a wand of flame (17)
Scrolls
 c - a scroll of fog {unknown}
 f - 2 scrolls of teleportation
 h - 7 scrolls of remove curse
 j - 3 scrolls of identify
 o - a scroll of enchant weapon {unknown}
 r - a scroll of amnesia {unknown}
 t - 2 scrolls of magic mapping
 u - a scroll of immolation {unknown}
 w - 3 scrolls of random uselessness {unknown}
 y - a scroll of torment {unknown}
 z - 5 scrolls of fear {unknown}
Potions
 d - 2 potions of might {unknown}
 e - 2 potions of curing {unknown}
 m - 2 potions of cancellation {unknown}
 p - a potion of berserk rage {unknown}
 q - a potion of magic {unknown}
 x - a potion of stabbing {unknown}
 A - a potion of brilliance {unknown}


   Skills:
 - Level 3.0 Fighting
 + Level 11.3 Axes
 - Level 1.7 Armour
 - Level 1.7 Dodging


You had 8 spell levels left.
You didn't know any spells.
Your spell library was empty.

Dungeon Overview and Level Annotations

Branches:
Dungeon (7/15)             Temple (0/1) D:7

Altars:
Ashenzari
Gozag
Uskayaw
Vehumet
Yredelemnul

Portals:
Abyss: D:4


Innate Abilities, Weirdness & Mutations

You have razor-sharp toenails.
You have a somewhat thin skeletal structure. (Dex +2, Stealth)
You are partially covered in sharp spines.


Message History

The hellwing hits you but does no damage.
The hellwing is struck by your spines. The hellwing closely misses you.
The hellwing hits you but does no damage.
You feel a strong urge to attack something.
You are engulfed in a cloud of scalding steam.
* * * LOW HITPOINT WARNING * * *
The hellwing is engulfed in a cloud of scalding steam.
Tentacles burst from the starspawn's body!
The smoke demon gestures at you.
The sticky flame hits you but does no damage.
You are covered in liquid flames! 2 starspawn tentacles come into view.
You are covered in liquid flames!
* * * LOW HITPOINT WARNING * * *
The hellwing is engulfed in a cloud of scalding steam.
You feel your anger nearly subside.
You are covered in liquid flames!
* * * LOW HITPOINT WARNING * * *
You are covered in liquid flames!
You die...

#.### .. ...
≈≈#.. .
......#
≈≈≈≈≈#.#
#.....##.
≈≈≈.# # #....#
≈≈§
.##..##3.##.#
#.....§#.#@.##
#...443.#..#
##.?..###...#
#..###w ...#.#
#.. #§││#...##
.. # §#x─X...#
# #........# .
..#..#.....#
#...#.##....#


You could see 2 hellwings and a smoke demon.

Vanquished Creatures
  The ghost of Gamer54 the Stinger, an amateur NaVM (D:4)
  Sigmund (D:5)
  A water moccasin (shapeshifter) (D:7)
  2 ice beasts
  2 phantoms
  A sky beast (D:7)
  An ogre (D:4)
  A big kobold (D:4)
  3 bullfrogs
  2 scorpions (D:4)
  A small abomination (D:4)
  A howler monkey (D:7)
  2 jellies (D:6)
  2 orc priests
  A centaur skeleton (D:4)
  9 orc wizards
  An iguana (D:4)
  2 worker ants
  4 gnolls (D:2)
  6 adders
  2 shadow imps (D:5)
  4 white imps
  An ufetubus (D:7)
  2 oozes
  An adder zombie (D:5)
  2 adder skeletons
  2 worms
  A dart slug (D:2)
  3 leopard geckos
  28 orcs
  A ball python (D:1)
  5 bats
  A giant cockroach (D:3)
  5 goblins
  11 hobgoblins
  6 jackals
  6 kobolds
  A quokka (D:7)
  6 frilled lizards
  A leopard gecko zombie (D:5)
  A rat (D:2)
134 creatures vanquished.

Vanquished Creatures (others)
  An orc (D:6)
  6 starspawn tentacles (Abyss:2)
7 creatures vanquished.

Grand Total: 141 creatures vanquished

Notes
Turn   | Place    | Note
-------+----------+-------------------------------------------
     0 | D:1      | Rennog the Demonspawn Berserker began the quest for the
                  | Orb.
     0 | D:1      | Reached XP level 1. HP: 18/18 MP: 1/1
   289 | D:1      | Reached skill level 3 in Axes
   656 | D:1      | Gained mutation: You have a somewhat thin skeletal
                  | structure. (Dex +2, Stealth) [demonic ancestry]
   656 | D:1      | Reached XP level 2. HP: 22/24 MP: 2/2
  1309 | D:2      | Noticed a bullfrog
  1427 | D:2      | Killed a bullfrog
  1427 | D:2      | Reached skill level 4 in Axes
  1427 | D:2      | Gained mutation: You have sharp toenails. [demonic
                  | ancestry]
  1427 | D:2      | Reached XP level 3. HP: 11/29 MP: 3/3
  1427 | D:2      | Reached XP level 4. HP: 13/35 MP: 4/4
  1794 | D:2      | Reached skill level 5 in Axes
  1803 | D:2      | HP: 1/35 [gnoll/cursed -3 spear (3)]
  2113 | D:2      | Gained mutation: You are partially covered in sharp spines.
                  | [demonic ancestry]
  2113 | D:2      | Reached XP level 5. HP: 41/41 MP: 5/5
  2728 | D:3      | Reached ** piety under Trog
  2862 | D:3      | Found a hide-covered altar of Uskayaw.
  3066 | D:4      | Reached skill level 6 in Axes
  3130 | D:4      | Noticed an ogre
  3231 | D:4      | Killed an ogre
  3231 | D:4      | Reached XP level 6. HP: 47/47 MP: 6/6
  3697 | D:4      | Reached skill level 7 in Axes
  3698 | D:4      | Found a radiant altar of Vehumet.
  4032 | D:4      | Found a transporter.
  4035 | D:4      | Found a transporter.
  4046 | D:4      | Identified the +0 dagger "Miom" {distort, +Blink rF+ rC++
                  | Str+2}
  4148 | D:4      | You fall into a shaft and drop 1 floor!
  4148 | D:5      | Entered Level 5 of the Dungeon
  4266 | D:4      | Noticed Gamer54's ghost (amateur NaVM)
  4266 | D:4      | Found a one-way gate to the infinite horrors of the Abyss.
  4272 | D:4      | Killed Gamer54's ghost
  4272 | D:4      | Reached XP level 7. HP: 52/52 MP: 7/7
  4277 | D:4      | Reached skill level 8 in Axes
  5252 | D:5      | Noticed Sigmund
  5272 | D:5      | Killed Sigmund
  5272 | D:5      | Reached skill level 9 in Axes
  5272 | D:5      | Reached XP level 8. HP: 50/58 MP: 8/8
  6082 | D:6      | Reached skill level 10 in Axes
  6098 | D:6      | Reached *** piety under Trog
  6592 | D:6      | Found an opulent altar of Gozag.
  6621 | D:6      | Found a broken altar of Ashenzari.
  6779 | D:7      | Found a staircase to the Ecumenical Temple.
  6796 | D:7      | Reached skill level 11 in Axes
  6796 | D:7      | Gained mutation: You have razor-sharp toenails. [demonic
                  | ancestry]
  6796 | D:7      | Reached XP level 9. HP: 63/63 MP: 9/9
  6813 | D:7      | Found a basalt altar of Yredelemnul.
  6893 | D:7      | Noticed a centaur warrior
  6896 | D:7      | Cast into level 2 of the Abyss (centaur warrior)
  6900 | Abyss:2  | Noticed an efreet
  6911 | Abyss:2  | Noticed a tentacled starspawn
  6933 | Abyss:2  | Got an ichor-stained plate armour
  6937 | Abyss:2  | Noticed a hellwing
  6937 | Abyss:2  | Noticed a hellwing
  6938 | Abyss:2  | Noticed a smoke demon
  6940 | Abyss:2  | Noticed a smoke demon
  6946 | Abyss:2  | HP: 1/94 [burnt (6)]
  6947 | Abyss:2  | Incinerated by a smoke demon

Illustrated notes

Levels and vault maps discovered:
D:1:      dpeg_arrival_snail, layout_basic
D:2:      layout_rooms, st_stairs_2
D:3:      layout_basic, eat_drink_and_be_merry_uskayaw
D:4:      layout_basic, vehumet_crystals, gammafunk_ghost_abyssal_escape,
          minmay_misc_feat_room
D:5:      layout_basic, uniq_sigmund
D:6:      layout_rooms, kennysheep_mini,
          nicolae_gozag_cash_rules_everything_around_me
D:7:      minmay_the_grid_square_5x5_3x3
          [minmay_the_grid_square_5x5_broken_cross,
          minmay_the_grid_square_5x5_meh, minmay_the_grid_square_5x5_fat_x,
          minmay_the_grid_square_5x5_shrine1,
          minmay_the_grid_square_5x5_megaprize_diamond,
          minmay_the_grid_square_5x5_gyroscope,
          minmay_the_grid_square_5x5_lines, minmay_the_grid_square_5x5_longway,
          minmay_the_grid_square_5x5_eight], layout_rooms,
          grunt_temple_overflow_open, minmay_temple_entry_grid, basic_altar,
          enter_bailey_1
Abyss:2:  base:
D:1

Skill      XL: |  1  2  3  4  5  6  7  8 |
---------------+-------------------------+-----
Axes           | 3 4 5 6 7 9 11 | 11.3
Fighting       | |  3.0
Armour         | |  1.7
Dodging        | |  1.7

Action                   |  1- 3 |  4- 6 |  7- 9 || total
-------------------------+-------+-------+-------++-------
Melee: Hand axe          |    75 |    90 |       ||   165
       Kick              |       |    37 |    44 ||    81
       War axe           |       |    15 |   129 ||   144
Invok: Berserk           |       |     2 |     6 ||     8
       Trog's Hand       |       |     1 |       ||     1
  Use: Scroll            |       |       |     4 ||     4
 Stab: Sleeping          |     3 |       |       ||     3
Armor: Animal skin       |     7 |       |       ||     7
       Plate armour      |       |    45 |    89 ||   134
Dodge: Dodged            |    49 |    34 |    42 ||   125

Table legend: (Time is in decaauts)
 A = Elapsed time spent in this place.
 B = Non-inter-level travel time spent in this place.
 C = Inter-level travel time spent in this place.
 D = Time resting spent in this place.
 E = Time spent auto-exploring this place.
 F = Levels seen in this place.
 G = Mean time per level.
                   A        B        C        D        E       F      G
               +--------+--------+--------+--------+--------+-----+--------+
         Total |   7024 |   6710 |    314 |   2290 |   3553 |   8 |  878.0 |
       Dungeon |   6967 |   6653 |    314 |   2290 |   3553 |   7 |  995.3 |
         Abyss |     57 |     57 |      0 |      0 |      0 |   1 |   57.0 |
               +--------+--------+--------+--------+--------+-----+--------+

Top non-repeatable levels by time:
     D:4: 1689 daAuts
     D:5: 1575 daAuts
     D:1: 1435 daAuts
     D:3: 869 daAuts
     D:2: 851 daAuts
     D:6: 425 daAuts
     D:7: 120 daAuts
 Abyss:2: 57 daAuts
